 Dungeon Crawl Stone Soup version 0.28-a0-628-g3c9886e45e (webtiles) character file.

Game seed: 6439804621540216196

1315 kae the Ruffian (level 8, -4/68 HPs)
             Began as a White Draconian Transmuter on Oct 8, 2021.
             Succumbed to Duvessa's poison
             ... on level 5 of the Dungeon.
             The game lasted 00:03:43 (6589 turns).

kae the Ruffian (White Draconian Transmuter)        Turns: 6589, Time: 00:03:44

Health: -4/68      AC:  2    Str: 13    XL:     8   Next: 33%
Magic:  9/11       EV: 19    Int: 16    God:
Gold:   255        SH:  0    Dex: 16    Spells: 3/11 levels left

rFire   . . .      SeeInvis .     - Unarmed
rCold   . . .      Faith    .   (shield currently unavailable)
rNeg    . . .      Spirit   .   (armour unavailable)
rPois   x          Reflect  .   (helmet currently unavailable)
rElec   .          Harm     .   (cloak currently unavailable)
rCorr   .          Rampage  .   (gloves currently unavailable)
Will    .....                   (boots currently unavailable)
Stlth   +.........              (no amulet)
HPRegen 0.21/turn               (no ring)
MPRegen 0.12/turn               (no ring)

@: lethally poisoned (-4 -> -37), spider-form (expiring)
A: venomous fangs, (breathe frost), AC +6, tiny, unfitting armour, (cold
resistance 1), (cold-blooded)
a: End Transformation


You were on level 5 of the Dungeon.
You were a venomous arachnid creature.
You visited 1 branch of the dungeon, and saw 6 of its levels.

You collected 255 gold pieces.

Inventory:

Armour
 o - a +0 cloak of stealth (melded)
 s - a +0 hat (melded)
Jewellery
 i - a ring of protection from cold
 l - a +6 ring of dexterity
Wands
 j - a wand of polymorph (11)
Scrolls
 k - a scroll of teleportation
 p - a scroll of summoning
 q - 2 scrolls of blinking {unknown}
 r - a scroll of identify
Potions
 a - 2 potions of heal wounds {unknown}
 b - a potion of magic
 c - 2 potions of curing
 d - 2 potions of brilliance
 e - a potion of might
 f - a potion of haste
 g - 2 potions of attraction {unknown}
 h - a potion of berserk rage {unknown}
 m - a potion of mutation {unknown}
 n - a potion of ambrosia {unknown}


   Skills:
 + Level 5.3 Fighting
 - Level 1.7 Dodging
 * Level 7.7 Unarmed Combat
 - Level 2.0 Spellcasting
 + Level 5.2 Transmutations
 * Level 0.0 Ice Magic
 - Level 2.0 Poison Magic


You had 3 spell levels left.
You knew the following spells:

 Your Spells              Type           Power      Damage    Failure   Level
a - Beastly Appendage     Tmut           36%        N/A       9%          1
b - Spider Form           Tmut/Pois      6%         N/A       32%         3
c - Ice Form              Ice/Tmut       10%        N/A       77%         4

Your spell library contained the following spells:

 Spells                   Type           Power      Damage    Failure   Level
 Wereblood                Tmut           18%        N/A       12%         2
 Slow                     Hex            1%         N/A       52%         2
 Confusing Touch          Hex            1%         N/A       73%         3
 Vampiric Draining        Necr           0%         2d6       73%         3


Dungeon Overview and Level Annotations

Branches:
Dungeon (6/15)
 Temple: D:4-7

Altars:
Hepliaklqana
Ru

Annotations:
D:5 2 transporters, sn0wgr3's ghost, weakling MiDe
D:6 Dowan; Duvessa


Innate Abilities, Weirdness & Mutations

You are a venomous arachnid creature.
You have poisonous fangs.
You are tiny and dextrous.
Your spellcasting is less reliable in this form.
Your armour is entirely melded.
You are incapable of wielding weapons or throwing items.
((You can breathe waves of freezing cold which knock back foes.))
((Your icy white scales are hard. (AC +6)))
You cannot fit into any form of body armour.
((Your flesh is cold resistant. (rC+)))
((You are cold-blooded and may be slowed by cold attacks.))


Message History

Dowan, Brother of Duvessa comes into view.
He is wielding a +0 dagger.
You bite Duvessa!
Duvessa looks as sick as possible!
Duvessa is heavily wounded.
Duvessa hits you with a +3 rapier of venom!
You are poisoned.
The orc hits you but does no damage.
Dowan points at you and mumbles some strange words.
The puff of flame hits you!
An orc priest comes into view. It is wielding a +0 dagger.
You hit Duvessa.
Duvessa looks as sick as possible!
Duvessa is severely wounded.
You feel very sick. Duvessa barely misses you.
You bite the orc warrior!
The orc warrior is moderately wounded.
You feel very sick.
Duvessa hits you with a +3 rapier of venom.
You are more poisoned.
The orc barely misses you.
The orc priest calls upon Beogh to heal the orc warrior.
The orc warrior is healed somewhat.
An ogre comes into view. It is wielding a +0 giant spiked club.
You hit Duvessa but do no damage.
Duvessa looks as sick as possible!
Duvessa is severely wounded.
You feel very sick. The orc warrior completely misses you.
Duvessa drinks a potion.
Duvessa is healed!
Duvessa looks more healthy.
The orc hits you with a +0 club.
Your transformation is almost over.
You feel very sick. The orc warrior completely misses you.
Duvessa hits you with a +3 rapier of venom!
* * * LOW HITPOINT WARNING * * *
You are more poisoned.
The orc misses you.
You climb upwards.
Level annotation: 2 transporters, sn0wgr3's ghost, weakling MiDe
* * * LOW HITPOINT WARNING * * *
You feel extremely sick.
There is a stone staircase leading down here.
You die...

#.# #...#8.........8#(
#.#####...'...........+.
#.........#8.........8#.
#######...##.........##.
####...###8(....8###.
#.....## ##.....##.#.
#.....# ##8.8##..#.
#.....#######'###..#.
#...s).............#.
#....>o#.........(###
####....o.####...#......
#..'.............#.#####
#.##.......###.#.#.#
#.#####.#......#.#.# #.#
#.#......'.#.# #.#
#.#......###.# #.#
#..........#.#


You could see an orc warrior and an orc.

Vanquished Creatures
  A water moccasin (D:5)
  An ice beast (D:5)
  2 black bears (D:4)
  A sky beast (D:5)
  A necrophage (D:3)
  2 centaurs
  A phantom (D:5)
  Blork the orc (D:4)
  A scorpion (D:5)
  A water moccasin zombie (D:3)
  A wyvern skeleton (D:5)
  A water moccasin skeleton (D:5)
  A centaur zombie (D:5)
  An iguana (D:4)
  A hound skeleton (D:2)
  2 adders
  3 gnolls (D:4)
  A white imp (D:5)
  An ufetubus (D:4)
  An adder skeleton (D:4)
  An adder zombie (D:5)
  A worm (D:2)
  3 dart slugs
  10 orcs
  7 ball pythons
  4 bats
  12 endoplasms
  2 giant cockroaches (D:1)
  8 goblins
  8 hobgoblins
  10 jackals
  3 kobolds
  2 quokkas
  5 frilled lizards
  6 rats
107 creatures vanquished.

Vanquished Creatures (others)
  2 plants (D:4)
2 creatures vanquished.

Grand Total: 109 creatures vanquished

Notes
Turn   | Place    | Note
-------+----------+-------------------------------------------
     0 | D:1      | kae the Draconian Transmuter began the quest for the Orb.
     0 | D:1      | Reached XP level 1. HP: 16/16 MP: 3/3
   344 | D:1      | Reached XP level 2. HP: 23/23 MP: 3/5
  1477 | D:2      | Reached XP level 3. HP: 29/29 MP: 4/6
  1493 | D:2      | Learned a level 3 spell: Spider Form
  2313 | D:2      | Reached skill level 1 in Poison Magic
  2404 | D:2      | Reached XP level 4. HP: 33/36 MP: 7/7
  2474 | D:2      | Reached skill level 4 in Unarmed Combat
  2933 | D:3      | Noticed a necrophage
  2943 | D:3      | Killed a necrophage
  2944 | D:3      | Reached XP level 5. HP: 32/42 MP: 8/8
  3111 | D:3      | Noticed a centaur
  3116 | D:3      | Killed a centaur
  3188 | D:3      | Reached skill level 5 in Unarmed Combat
  3232 | D:3      | Reached XP level 6. HP: 42/51 MP: 5/9
  3990 | D:4      | Found a hazy altar of Hepliaklqana.
  4308 | D:4      | Noticed Blork the orc
  4320 | D:4      | Killed Blork the orc
  4321 | D:4      | Reached skill level 6 in Unarmed Combat
  4321 | D:4      | Your scales start taking on an icy white colour.
  4321 | D:4      | Reached XP level 7. HP: 30/58 MP: 8/10
  4321 | D:4      | Gained mutation: Your flesh is cold resistant. (rC+) [White
                  | Draconian growth]
  4882 | D:5      | Entered Level 5 of the Dungeon
  4956 | D:5      | Found a sacrificial altar of Ru.
  5411 | D:5      | Noticed sn0wgr3's ghost (weakling MiDe)
  5545 | D:5      | Reached skill level 7 in Unarmed Combat
  5573 | D:5      | Found a transporter.
  5596 | D:5      | Found a transporter.
  5849 | D:5      | Reached XP level 8. HP: 50/67 MP: 7/11
  5891 | D:5      | Reached skill level 5 in Fighting
  6082 | D:5      | Reached skill level 5 in Transmutations
  6356 | D:6      | Noticed Duvessa
  6578 | D:5      | Learned a level 4 spell: Ice Form
  6582 | D:6      | Noticed Dowan
  6589 | D:5      | Succumbed to Duvessa's poison

Illustrated notes

Levels and vault maps discovered:
D:1:      amcnicky_arrival_abandoned_market, layout_loops_corners,
          serial_aquarium, aquarium_bridge_long_joined
          [aquarium_subvault_bridge, aquarium_subvault_balcony,
          aquarium_subvault_window, aquarium_subvault_balcony,
          aquarium_subvault_wall, aquarium_subvault_wall], aquarium_window_fake,
          aquarium_window_corridor_3, aquarium_window_1, aquarium_view_2d,
          aquarium_view_2d, aquarium_balcony_3b, aquarium_pool_corner
D:2:      layout_basic, serial_rivers, chequers_serial_rivers_small_b,
          chequers_serial_rivers_small_3, chequers_serial_rivers_room_b,
          chequers_serial_rivers_micro_c, chequers_serial_rivers_small_a,
          chequers_serial_rivers_small_a, kennysheep_decorative_pillar,
          small_statue_intersection, st_stairs_5
D:3:      layout_basic, glass_columns_b, minmay_pentomino_pile
D:4:      layout_rooms, nicolae_hepliaklqana_hazy_memory, portal_sewer_entry_b,
          uniq_blork_the_orc
D:5:      layout_basic, lemuel_tele_altar, gammafunk_ghost_stat_death,
          dk_noncrumbling_4, grunt_tough_drop
D:6:      layout_rooms, minmay_misc_feat_nine_boxes, uniq_duvessa, uniq_grinder

Skill      XL: |  1  2  3  4  5  6  7  8 |
---------------+-------------------------+-----
Fighting       | 2 3 4 5 |  5.3
Poison Magic   | 1 2 |  2.0
Unarmed Combat | 4 5 6 7 |  7.7
Transmutations | 3 4 5 |  5.2
Dodging        | |  1.7
Spellcasting   | |  2.0

Action                   |  1- 3 |  4- 6 |  7- 9 || total
-------------------------+-------+-------+-------++-------
Melee: Unarmed           |   107 |   148 |    99 ||   354
       Kick              |    13 |     5 |       ||    18
       Tailslap          |     9 |     9 |     1 ||    19
       Headbutt          |    10 |     6 |       ||    16
 Cast: Beastly Appendage |    22 |    13 |       ||    35
       Spider Form       |       |    10 |    17 ||    27
 Abil: Breathe Frost     |       |       |     1 ||     1
  Use: Scroll            |     2 |     8 |     1 ||    11
 Stab: Sleeping          |     1 |       |       ||     1
Armor: Skin              |    35 |    33 |    10 ||    78
Dodge: Dodged            |    69 |   132 |    95 ||   296

Table legend: (Time is in decaauts)
 A = Elapsed time spent in this place.
 B = Non-inter-level travel time spent in this place.
 C = Inter-level travel time spent in this place.
 D = Time resting spent in this place.
 E = Time spent auto-exploring this place.
 F = Levels seen in this place.
 G = Mean time per level.
                   A        B        C        D        E       F      G
               +--------+--------+--------+--------+--------+-----+--------+
         Total |   6568 |   6480 |     88 |    217 |   5337 |   6 | 1094.7 |
       Dungeon |   6568 |   6480 |     88 |    217 |   5337 |   6 | 1094.7 |
               +--------+--------+--------+--------+--------+-----+--------+

Top non-repeatable levels by time:
     D:5: 1680 daAuts
     D:2: 1443 daAuts
     D:1: 1308 daAuts
     D:3: 1070 daAuts
     D:4: 1046 daAuts
     D:6: 19 daAuts
